 Dungeon Crawl Stone Soup version 0.31-a0-145-g046c7d2549 (webtiles) character file.

Game seed: 8625436718582231902

603 nicknak712 the Magician (level 7, -7/43 (46) HPs)
             Began as a Demonspawn Venom Mage on June 5, 2023.
             Was a Believer of Nemelex Xobeh.
             Mangled by a wight
             ... wielding a +0 great sword
              (8 damage)
             ... on level 5 of the Dungeon.
             The game lasted 00:19:54 (4860 turns).

nicknak712 the Magician (Demonspawn Venom Mage)     Turns: 4860, Time: 00:19:55

HP:   -7/43 (46)    AC:  5    Str:  8    XL:     7   Next: 18%
MP:   10/13         EV: 13    Int: 19    God:    Nemelex Xobeh [**....]
Gold: 201           SH:  0    Dex: 13    Spells: 12/15 levels left

rFire   . . .        B - +2 dagger (drain)
rCold   . . .        (no shield)
rNeg    . . .        q - +0 leather armour
rPois   .            (no helmet)
rElec   .            e - +0 cloak
rCorr   .            (no gloves)
SInv    .            A - +0 pair of boots
Will    .....        (no amulet)
Stlth   ++           (no ring)
HPRegen 0.27/turn    (no ring)
MPRegen 0.13/turn

%: no passive effects
@: drained
A: sturdy frame 2, demonic touch 2
a: Renounce Religion, Draw Escape, Draw Destruction, Draw Summoning


You were on level 5 of the Dungeon.
You worshipped Nemelex Xobeh.
Nemelex Xobeh was pleased with you.
You visited 1 branch of the dungeon, and saw 5 of its levels.

You collected 201 gold pieces.

Inventory:

Hand Weapons
 d - a +0 short sword
 f - a +1 dagger of electrocution
 B - a +2 dagger of draining (weapon)
Missiles
 h - 4 poisoned darts
 u - a throwing net
Armour
 a - a +0 robe
 e - a +0 cloak (worn)
 l - a +0 ring mail
 q - a +0 leather armour (worn)
 r - a +0 pair of boots
 A - a +0 pair of boots (worn)
Jewellery
 k - a ring of protection from fire
 n - a +6 ring of strength
Wands
 y - a wand of mindburst (7)
 E - a wand of iceblast (1)
Scrolls
 i - a scroll of amnesia {unknown}
 o - 3 scrolls of identify {unknown}
 s - a scroll of poison {unknown}
 t - 2 scrolls of vulnerability {unknown}
 v - a scroll of teleportation {unknown}
 w - a scroll of immolation {unknown}
 x - a scroll of enchant weapon {unknown}
 z - 2 scrolls of noise {unknown}
Potions
 b - 2 potions of magic
 c - 3 potions of brilliance {unknown}
 g - a potion of invisibility {unknown}
 j - 3 potions of curing {unknown}
 m - 3 potions of attraction {unknown}
 p - 2 potions of ambrosia {unknown}
 C - a potion of heal wounds {unknown}
 D - a potion of haste {unknown}
 F - a potion of degeneration {unknown}


   Skills:
 + Level 3.3 Dodging
 + Level 3.5 Stealth
 * Level 4.5 Spellcasting
 + Level 2.7 Transmutations
 + Level 4.3 Poison Magic


You had 12 spell levels left.
You knew the following spells:

 Your Spells              Type           Power      Damage    Failure   Level
a - Sting                 Tmut/Pois      68%        1d6       3%          1
b - Poisonous Vapours     Pois/Air       24%        N/A       9%          2

Your spell library contained the following spells:

 Spells                   Type           Power      Damage    Failure   Level
 Lesser Beckoning         Tloc           8%         N/A       21%         2
 Mephitic Cloud           Conj/Pois/Air  9%         N/A       22%         3
 Olgreb's Toxic Radiance  Pois           20%        N/A       22%         4
 Gell's Gravitas          Tloc           4%         N/A       36%         3
 Teleport Other           Tloc           4%         N/A       36%         3


Dungeon Overview and Level Annotations

Branches:
Dungeon (5/15)
 Temple: D:4-7

Altars:
Dithmenos
Nemelex Xobeh
Qazlal
Sif Muna

Shops:
D:4 (


Innate Abilities, Weirdness & Mutations

Your movements are less encumbered by armour. (ER -4)
Your touch may inflict irresistible damage on your foes.


Message History

Okay, then.
The sting hits the wight.
The wight partially resists.
The wight is lightly damaged.
The sting hits the wight but does no damage.
The wight is lightly damaged.
The wight hits you with a +0 short sword.
You feel drained.
The sting misses the wight.
The sting hits the wight but does no damage.
The sting hits the wight but does no damage.
The wight hits you from afar with a +4 halberd!
The sting hits the wight but does no damage.
The wight is lightly damaged.
The wight barely misses you.
The wight hits you with a +0 short sword.
You feel drained. The wight misses you.
You draw a card...
You have drawn Degeneration.
The wight is dazed by the mutagenic energy. x4
The wight barely misses you.
The wight hits you with a +0 short sword.
You feel drained.
The wight is lost in a daze.
You draw a card...
You have drawn Pain.
Press: ? - help, Shift-Dir - straight line, f/p - wight
Aim: a wight, wielding a +0 short sword and wearing a +0 robe (lightly damaged, dazed)
The wight is unaffected.
The wight is lost in a daze.
The wight hits you with a +0 short sword.
The wight hits you from afar with a +4 halberd!
* * * LOW HITPOINT WARNING * * *
You draw a card...
You have drawn the Elixir.
You begin rapidly regenerating health and magic.
The wight hits you with a +0 short sword.
* * * LOW HITPOINT WARNING * * *
The wight hits you from afar with a +4 halberd.
* * * LOW HITPOINT WARNING * * *
Unknown command.
You draw a card...
You have drawn the Tomb.
Walls emerge from the floor!
The wight hits you with a +0 great sword!
You die...
Your body disappears without a glow.

#... #..# #..#
##..# # #...#
#.# ###...##..#
...#...##...##
#.....#@z....#
###...z##.!.#.#
#...zz.#..#
##....## ..#
#....# .#
##...# # #....
#....


You could see 3 wights.

Vanquished Creatures
  Grinder (D:3)
  A kobold brigand (D:4)
  A scorpion (D:4)
  An orc priest (D:4)
  A sleepcap (D:4)
  Robin (D:3)
  5 adders
  3 worms
  5 dart slugs
  7 orcs (D:4)
  5 ball pythons
  8 endoplasms
  3 giant cockroaches
  15 goblins
  6 hobgoblins
  5 jackals
  3 quokkas
  5 bats
  4 frilled lizards
  9 kobolds
  4 rats
93 creatures vanquished.

Vanquished Creatures (collateral kills)
  4 gnolls (D:3)
  3 goblins (D:3)
  A hobgoblin (D:3)
8 creatures vanquished.

Grand Total: 101 creatures vanquished

Notes
Turn   | Place    | Note
-------+----------+-------------------------------------------
     0 | D:1      | nicknak712 the Demonspawn Venom Mage began the quest for
                  | the Orb.
     0 | D:1      | Reached XP level 1. HP: 13/13 MP: 3/3
    21 | D:1      | Reached skill level 1 in Transmutations
   287 | D:1      | Gained mutation: Your movements are slightly less
                  | encumbered by armour. (ER -2) [demonic ancestry]
   287 | D:1      | Reached XP level 2. HP: 17/19 MP: 0/5
   673 | D:1      | You fall into a shaft and drop 1 floor!
   680 | D:2      | Found a sparkling altar of Nemelex Xobeh.
   690 | D:2      | Became a worshipper of Nemelex Xobeh the Trickster
   918 | D:2      | Reached XP level 3. HP: 24/24 MP: 2/6
  1592 | D:1      | Reached * piety under Nemelex Xobeh
  1721 | D:1      | Found a faded altar of an unknown god.
  2430 | D:2      | Received a gift from Nemelex Xobeh
  2670 | D:3      | Gained mutation: Your movements are less encumbered by
                  | armour. (ER -4) [demonic ancestry]
  2670 | D:3      | Reached XP level 4. HP: 29/30 MP: 5/8
  2717 | D:3      | Learned a level 2 spell: Poisonous Vapours
  2920 | D:3      | Noticed Grinder
  2923 | D:3      | Paralysed by Grinder for 2 turns
  2928 | D:3      | Paralysed by Grinder for 3 turns
  2931 | D:3      | Killed Grinder
  2932 | D:3      | Gained mutation: Your touch may inflict minor irresistible
                  | damage on your foes. [demonic ancestry]
  2932 | D:3      | Reached XP level 5. HP: 21/35 MP: 5/10
  2932 | D:3      | Reached XP level 6. HP: 25/41 MP: 5/11
  3299 | D:3      | Noticed Robin
  3320 | D:3      | Killed Robin
  3575 | D:4      | Reached ** piety under Nemelex Xobeh
  3939 | D:4      | Found a stormy altar of Qazlal.
  4074 | D:4      | Gained mutation: Your touch may inflict irresistible damage
                  | on your foes. [demonic ancestry]
  4074 | D:4      | Reached XP level 7. HP: 46/46 MP: 0/13
  4220 | D:4      | Found a shimmering blue altar of Sif Muna.
  4722 | D:4      | Found a shadowy altar of Dithmenos.
  4738 | D:4      | Found Quattej's Weapon Emporium.
  4851 | D:5      | Entered Level 5 of the Dungeon
  4851 | D:5      | Received a gift from Nemelex Xobeh
  4859 | D:5      | HP: 1/43 [wight/+4 halberd (6)]
  4860 | D:5      | Mangled by a wight

Illustrated notes

Levels and vault maps discovered:
D:1:      dpeg_arrival_central, layout_basic,
          dreamdust_ecumenical_altar_hidden_monk_grotto,
          minmay_misc_feat_diagonals
D:2:      layout_loops_corners, basic_altar
D:3:      layout_basic, uniq_crazy_yiuf_cottage, uniq_robin, uniq_grinder
D:4:      layout_cave_pools, elyvilon_altar_1, mainiacjoe_overflow_alcove_4,
          kennysheep_little_box, general_overflow_altar, serial_column_ruins,
          column_ruins_columns_straight, column_ruins_open_tiny,
          column_ruins_corridor_straight, column_ruins_corridor_straight,
          column_ruins_columns_dead_end, serial_shops, shop,
          kennysheep_crisscross
D:5:      layout_layer_cave, minmay_temple_entry_fiery

Skill      XL: |  1  2  3  4  5  6 |
---------------+-------------------+-----
Transmutations | 1 2 |  2.7
Dodging        | 2 3 |  3.3
Stealth        | 2 3 |  3.5
Spellcasting   | 3 4 |  4.5
Poison Magic   | 4 |  4.3

Action                     |  1- 3 |  4- 6 |  7- 9 || total
---------------------------+-------+-------+-------++-------
  Melee: Unarmed           |     6 |       |       ||     6
         Dagger            |    19 |    30 |    11 ||    60
         Short sword       |     3 |       |       ||     3
         Touch             |       |     4 |     1 ||     5
   Cast: Sting             |    74 |    79 |    32 ||   185
         Poisonous Vapours |       |     9 |       ||     9
 Invoke: Draw Destruction  |     2 |     4 |     2 ||     8
         Draw Summoning    |     1 |     1 |       ||     2
         Draw Escape       |       |     1 |     2 ||     3
  Evoke: Wand              |       |     2 |       ||     2
 Armour: Robe              |     8 |       |       ||     8
         Leather armour    |     1 |    23 |     9 ||    33
  Dodge: Dodged            |    29 |    50 |    22 ||   101

Table legend: (Time is in decaauts)
 A = Elapsed time spent in this place.
 B = Non-inter-level travel time spent in this place.
 C = Inter-level travel time spent in this place.
 D = Time resting spent in this place.
 E = Time spent auto-exploring this place.
 F = Levels seen in this place.
 G = Mean time per level.
                   A        B        C        D        E       F      G
               +--------+--------+--------+--------+--------+-----+--------+
         Total |   4858 |   4780 |     78 |    258 |   3785 |   5 |  971.6 |
       Dungeon |   4858 |   4780 |     78 |    258 |   3785 |   5 |  971.6 |
               +--------+--------+--------+--------+--------+-----+--------+

Top non-repeatable levels by time:
     D:1: 1527 daAuts
     D:4: 1293 daAuts
     D:2: 1136 daAuts
     D:3: 892 daAuts
     D:5: 8 daAuts
